 Dungeon Crawl Stone Soup version 0.28.0-53-g5a82cb258f (webtiles) character file.

Game seed: 4625258616712609549

143 cbfl8 the Chopper (level 5, -1/45 (47) HPs)
             Began as a Hill Orc Fighter on Sept 15, 2022.
             Killed from afar by an orc wizard (7 damage)
             ... with a magic dart
             ... on level 4 of the Dungeon.
             The game lasted 00:02:20 (2491 turns).

cbfl8 the Chopper (Hill Orc Fighter)                Turns: 2491, Time: 00:02:21

HP:   -1/45 (47)    AC:  9    Str: 19      XL:     5   Next: 25%
MP:   5/5           EV:  7    Int:  5 (8)  God:
Gold: 105           SH:  4    Dex: 12      Spells: 4/4 levels left

rFire   . . .      SeeInvis .   a - +0 war axe
rCold   . . .      Faith    .   c - +0 buckler
rNeg    . . .      Spirit   .   k - +0 chain mail
rPois   .          Reflect  .   (no helmet)
rElec   .          Harm     .   (no cloak)
rCorr   .          Rampage  .   (no gloves)
Will    .....                   (no boots)
Stlth   ..........              (no amulet)
HPRegen 0.15/turn               (no ring)
MPRegen 0.09/turn               (no ring)

@: attractive, lightly drained
A: no striking features
a: no special abilities


You were on level 4 of the Dungeon.
You visited 1 branch of the dungeon, and saw 4 of its levels.

You collected 105 gold pieces.

Inventory:

Hand Weapons
 a - a +0 war axe (weapon)
Armour
 c - a +0 buckler (worn)
 k - a +0 chain mail (worn)
Wands
 f - a wand of mindburst (15)
Scrolls
 e - a scroll of noise {unknown}
 g - a scroll of identify
 h - a scroll of brand weapon
 i - a scroll of enchant armour {unknown}
 j - a scroll of teleportation {unknown}
 m - a scroll of magic mapping {unknown}
 n - a scroll of immolation
Potions
 b - a potion of attraction
 d - a potion of might


   Skills:
 * Level 4.3 Fighting
 * Level 4.6 Axes
 + Level 3.8 Armour
 * Level 1.0 Dodging
 + Level 3.7 Shields
 * Level 1.3 Evocations


You had 4 spell levels left.
You didn't know any spells.
Your spell library was empty.

Dungeon Overview and Level Annotations

Branches:
Dungeon (4/15)
 Temple: D:4-7

Altars:


Message History

The adder bites you but does no damage. Something hits you.
* * * LOW HITPOINT WARNING * * *
You climb downwards.
Reactivating autopickup.
There is a stone staircase leading up here.
You closely miss the adder. You completely miss something.
Something completely misses you. You block the adder's attack.
Something hits you.
* * * LOW HITPOINT WARNING * * *
Deactivating autopickup; reactivate with Ctrl-A.
The adder barely misses you.
You closely miss the adder. You barely miss something.
The adder bites you but does no damage. You block something's attack.
You miss the adder. You miss something. The adder bites you.
* * * LOW HITPOINT WARNING * * *
Something hits you.
* * * LOW HITPOINT WARNING * * *
The adder closely misses you.
It was a potion of attraction.
You feel attractive to monsters. Something hits you but does no damage.
You block the adder's attack.
As you read the scroll labelled SOHOCILAACA, it crumbles to dust.
It is a scroll of identify.
h - a scroll of brand weapon The adder closely misses you.
You hear some strange, mumbled words.
A puff of flame appears from out of thin air!
The puff of flame hits you but does no damage.
The adder bites you but does no damage.
Unknown command.
As you read the scroll labelled NUEVOD JISUASE, it crumbles to dust.
The creatures around you are filled with an inner flame!
It was a scroll of immolation.
Something hits you but does no damage. You block the adder's attack.
As you read the scroll labelled OSUESK ACVUW, it crumbles to dust.
You speak a Word of immense power!
It was a scroll of holy word.
You hear some strange, mumbled words.
A magic dart appears from out of thin air!
The magic dart hits you!
You die...

#####
#o{S#
#@#
###


You could see an adder (inner flame) and an orc.

Vanquished Creatures
  A jelly (D:2)
  Terence (D:3)
  3 adders
  A worm (D:2)
  A dart slug (D:1)
  An orc (D:3)
  10 endoplasms
  4 giant cockroaches (D:1)
  4 goblins
  A hobgoblin (D:1)
  9 kobolds
  A quokka (D:2)
  3 ball pythons (D:1)
  3 bats (D:2)
  3 frilled lizards
  8 rats
54 creatures vanquished.

Vanquished Creatures (others)
  A quokka (D:4)
  A ball python (D:4)
2 creatures vanquished.

Grand Total: 56 creatures vanquished

Notes
Turn   | Place    | Note
-------+----------+-------------------------------------------
     0 | D:1      | cbfl8 the Hill Orc Fighter began the quest for the Orb.
     0 | D:1      | Reached XP level 1. HP: 19/19 MP: 1/1
   124 | D:1      | Reached XP level 2. HP: 27/27 MP: 2/2
   267 | D:1      | Found a faded altar of an unknown god.
   463 | D:1      | Reached XP level 3. HP: 33/33 MP: 3/3
  1097 | D:2      | Reached skill level 1 in Evocations
  1097 | D:2      | Reached XP level 4. HP: 23/40 MP: 4/4
  1834 | D:3      | Noticed Terence
  1846 | D:3      | Killed Terence
  1847 | D:3      | Reached skill level 1 in Dodging
  1847 | D:3      | Reached XP level 5. HP: 23/47 MP: 5/5
  2491 | D:4      | Killed from afar by an orc wizard

Illustrated notes

Levels and vault maps discovered:
D:1:      nzn_arrival_crosshair, layout_basic, ebering_ecumenical_altar_ruins,
          minmay_misc_feat_encased, minmay_ruptured
D:2:      layout_loops_cross
D:3:      layout_basic, grunt_gozag_statues, mainiacjoe_overflow_alcove_4,
          uniq_terence
D:4:      layout_basic, grunt_temple_overflow_holy_war

Skill      XL: |  1  2  3  4 |
---------------+-------------+-----
Axes           | 3 4 |  4.6
Fighting       | 4 |  4.3
Evocations     | 1 |  1.3
Dodging        | 1 |  1.0
Armour         | |  3.8
Shields        | |  3.7

Action                   |  1- 3 |  4- 6 || total
-------------------------+-------+-------++-------
Melee: War axe           |    66 |    68 ||   134
  Use: Potion            |       |     3 ||     3
       Scroll            |       |     3 ||     3
Armor: Scale mail        |    14 |       ||    14
       Chain mail        |    25 |    38 ||    63
Dodge: Dodged            |    24 |    25 ||    49
Block: Buckler           |    20 |    16 ||    36
